 Dungeon Crawl Stone Soup version 0.32-a0-818-gb728d0252e (webtiles) character file.

Game seed: 8271992899552184425

501 Atlas the Magician (level 6, -1/43 HPs)
             Began as a Demonspawn Fire Elementalist on Mar 23, 2024.
             Slain by a kobold brigand
             ... wielding a +0 short sword
              (2 damage)
             ... on level 4 of the Dungeon.
             The game lasted 00:04:58 (4266 turns).

Atlas the Magician (Demonspawn Fire Elementalist)   Turns: 4266, Time: 00:04:59

Health: -1/43      AC:  4    Str:  8    XL:     6   Next: 95%
Magic:  1/13       EV: 11    Int: 24    God:
Gold:   116        SH:  0    Dex: 13    Spells: 7/14 levels left

rFire   . . .        (no weapon)
rCold   . . .        (no shield)
rNeg    . . .        a - +0 robe
rPois   .            r - +0 helmet
rElec   .            (no cloak)
rCorr   .            (no gloves)
SInv    .            (no boots)
Will    +....        (no amulet)
Stlth   +++          o - +6 ring of intelligence
HPRegen 0.27/turn    (no ring)
MPRegen 0.13/turn

%: no passive effects
@: mighty, enlightened, flying, slowed, wreathed by umbra, very slow
A: claws 1, rugged brown scales 1, foul shadow 1
a: no special abilities


You were on level 4 of the Dungeon.
You visited 1 branch of the dungeon, and saw 4 of its levels.

You collected 227 gold pieces.
You spent 111 gold pieces at shops.

Inventory:

Armour
 a - a +0 robe (worn)
 r - a +0 helmet (worn)
Jewellery
 o - a +6 ring of intelligence (left claw)
 w - a +5 ring of evasion
Scrolls
 c - a scroll of fog {unknown}
 d - 3 scrolls of teleportation {unknown}
 e - 2 scrolls of amnesia {unknown}
 f - 2 scrolls of noise {unknown}
 h - a scroll of enchant weapon {unknown}
 i - a scroll of poison {unknown}
 j - a scroll of revelation {unknown}
 n - a scroll of immolation {unknown}
 p - a scroll of blinking
 q - 2 scrolls of identify {unknown}
 s - a scroll of silence {unknown}
 t - a scroll of torment {unknown}
 u - a scroll of enchant armour {unknown}
 v - a scroll of vulnerability {unknown}
Potions
 b - a potion of magic
 g - 2 potions of might
 k - a potion of enlightenment
 l - a potion of attraction {unknown}


   Skills:
 + Level 0.3 Fighting
 + Level 2.1 Dodging
 + Level 2.2 Stealth
 + Level 0.2 Unarmed Combat
 + Level 4.8 Spellcasting
 + Level 2.6 Conjurations
 + Level 4.7 Fire Magic


You had 7 spell levels left.
You knew the following spells:

 Your Spells              Type           Power      Damage    Failure   Level
a - Scorch                Fire           56%        2d7       1%          2
b - Foxfire               Conj/Fire      92%        2x1d8     1%          1
c - Flame Wave            Conj/Fire      23%        2d8       21%         4

Your spell library contained the following spells:

 Spells                   Type           Power      Damage    Failure   Level
 Inner Flame              Hex/Fire       17%        N/A       11%         3
 Volatile Blastmotes      Fire/Tloc      34%        2d12      11%         3
 Dazzling Flash           Conj/Hex       24%        N/A       16%         3
 Mephitic Cloud           Conj/Alch/Air  10%        N/A       19%         3
 Curse of Agony           Necr           5%         N/A       94%         5
 Silence                  Hex/Air        2%         N/A       94%         5


Dungeon Overview and Level Annotations

Branches:
Dungeon (4/15)
 Temple: D:4-7

Altars:
Yredelemnul

Shops:
D:2 ?!

Annotations:
D:3 1 runed translucent door


Innate Abilities, Weirdness & Mutations

You have sharp fingernails.
You are partially covered in rugged brown scales. (AC +1, +3% HP)
You are faintly shadowed, very rarely releasing foul flame when damaged in melee.


Message History

Flames lash the kobold brigand.
The kobold brigand is burned terribly!
The kobold brigand is severely wounded.
The kobold brigand hits you with a +0 short sword.
* * * LOW HITPOINT WARNING * * *
The kobold brigand hits you but does no damage.
Casting: Scorch (safe; 1% risk of failure)
Confirm with . or Enter, or press ? or * to list all spells.
Flames lash the adder.
The adder is heavily wounded.
The adder's fire resistance burns away.
The kobold brigand hits you with a +0 short sword.
* * * LOW HITPOINT WARNING * * *
It was a potion of might.
You feel very mighty all of a sudden. The kobold brigand closely misses you.
The kobold brigand hits you with a +0 short sword.
* * * LOW HITPOINT WARNING * * *
It was a potion of enlightenment.
You feel very buoyant.
You fly up into the air.
The adder is no longer more vulnerable to fire.
The kobold brigand barely misses you.
You scratch the kobold brigand.
The kobold brigand is almost dead.
The kobold brigand closely misses you.
The kobold brigand hits you with a +0 short sword.
* * * LOW HITPOINT WARNING * * *
You barely miss the kobold brigand.
The kobold brigand is almost dead.
The kobold brigand hits you with a +0 short sword.
* * * LOW HITPOINT WARNING * * *
Casting: Scorch (safe; 1% risk of failure)
Confirm with . or Enter, or press ? or * to list all spells.
Flames lash the adder.
You kill the adder!
The kobold brigand is no longer more vulnerable to fire.
The kobold brigand hits you with a +0 short sword.
* * * LOW HITPOINT WARNING * * *
The kobold brigand hits you with a +0 short sword.
You die...

..K. ###....# ~..~
#......# #++
###......#
#....##### #######
#....# #.....#
+....# ### #.....#
#....###.# #.....#
###K##...# #.....#
#.@.....# #.....#
#. #.......#
#.....# #..
#.......# #.....#
#... #.......#
#.....#
#...##.......#
#.....#
.............#
#.....## #.
.............#
#.....#. #..
######.......#
#.....#.
#..##...##.......#
#..>..#.


You could see a kobold brigand.

Vanquished Creatures
  Sigmund (D:4)
  A bombardier beetle (D:4)
  A hound (D:4)
  Natasha (thrice) (D:3)
  2 iguanas (D:4)
  An orc wizard (D:3)
  5 adders
  4 dart slugs
  2 orcs (D:3)
  7 bats
  5 endoplasms
  2 giant cockroaches
  6 goblins
  6 hobgoblins
  4 jackals (D:4)
  7 kobolds
  2 quokkas (D:1)
  5 ball pythons
  5 frilled lizards
  4 rats
73 creatures vanquished.

Vanquished Creatures (others)
  206 foxfires
206 creatures vanquished.

Grand Total: 279 creatures vanquished

Notes
Turn   | Place    | Note
-------+----------+-------------------------------------------
     0 | D:1      | Atlas the Demonspawn Fire Elementalist began the quest for
                  | the Orb.
     0 | D:1      | Reached XP level 1. HP: 13/13 MP: 3/3
   299 | D:1      | Gained mutation: You have sharp fingernails. [demonic
                  | ancestry]
   299 | D:1      | Reached XP level 2. HP: 19/19 MP: 0/5
   845 | D:1      | Learned a level 2 spell: Scorch
  1251 | D:1      | Reached XP level 3. HP: 24/24 MP: 1/6
  1924 | D:2      | Found Yphel's Distillery.
  1981 | D:2      | Bought a potion of curing for 36 gold pieces
  2305 | D:2      | Found a transporter.
  2307 | D:2      | Found Ficaon's Magic Scroll Shop.
  2376 | D:2      | Found a transporter.
  2386 | D:2      | Bought a scroll of blinking for 75 gold pieces
  2620 | D:3      | Noticed Natasha
  2625 | D:3      | Killed Natasha
  2626 | D:3      | Gained mutation: You are faintly shadowed, very rarely
                  | releasing foul flame when damaged in melee. [demonic
                  | ancestry]
  2626 | D:3      | Reached XP level 4. HP: 28/30 MP: 1/8
  2636 | D:3      | Noticed Natasha
  2645 | D:3      | Killed Natasha
  2759 | D:3      | Gained mutation: You are partially covered in rugged brown
                  | scales. (AC +1, +3% HP) [demonic ancestry]
  2759 | D:3      | Reached XP level 5. HP: 30/36 MP: 1/10
  3129 | D:3      | Found a faded altar of an unknown god.
  3183 | D:3      | Noticed Natasha
  3189 | D:3      | Killed Natasha
  3255 | D:3      | Found a runed translucent door.
  3255 | D:3      | Noticed a human
  3260 | D:3      | Found a basalt altar of Yredelemnul.
  3731 | D:4      | Reached XP level 6. HP: 42/42 MP: 7/12
  4092 | D:4      | Learned a level 4 spell: Flame Wave
  4119 | D:4      | Noticed Sigmund
  4135 | D:4      | Killed Sigmund
  4265 | D:4      | HP: 2/43 [kobold brigand/+0 short sword (1)]
  4266 | D:4      | Slain by a kobold brigand

Illustrated notes

Levels and vault maps discovered:
D:1:      spicycebolla_green_bress_n_ham, layout_loops_ring,
          chequers_serial_rivers_micro_e, minmay_misc_feat_pillars
D:2:      layout_basic, serial_shops, shop, nicolae_shop_drivethru
D:3:      layout_rooms, dk_yredelemnul_ordeal,
          hellmonk_ecumenical_altar_zigzags, grunt_decor_clamped, uniq_natasha
D:4:      layout_gridville, minivault_1, kennysheep_generic_room_7, uniq_sigmund

Skill      XL: |  1  2  3  4  5 |
---------------+----------------+-----
Fire Magic     | 3 4 |  4.7
Stealth        | 2 |  2.2
Spellcasting   | 3 4 |  4.8
Dodging        | 2 |  2.1
Conjurations   | 2 |  2.6
Fighting       | |  0.3
Unarmed Combat | |  0.2

Action                     |  1- 3 |  4- 6 || total
---------------------------+-------+-------++-------
  Melee: Unarmed           |    25 |     4 ||    29
   Cast: Foxfire           |    57 |    60 ||   117
         Scorch            |    26 |    20 ||    46
    Use: Potion            |       |     3 ||     3
 Armour: Robe              |    51 |    21 ||    72
  Dodge: Dodged            |    39 |    16 ||    55

Table legend: (Time is in decaauts)
 A = Elapsed time spent in this place.
 B = Non-inter-level travel time spent in this place.
 C = Inter-level travel time spent in this place.
 D = Time resting spent in this place.
 E = Time spent auto-exploring this place.
 F = Levels seen in this place.
 G = Mean time per level.
                   A        B        C        D        E       F      G
               +--------+--------+--------+--------+--------+-----+--------+
         Total |   4271 |   4205 |     66 |     70 |   3611 |   4 | 1067.8 |
       Dungeon |   4271 |   4205 |     66 |     70 |   3611 |   4 | 1067.8 |
               +--------+--------+--------+--------+--------+-----+--------+

Top non-repeatable levels by time:
     D:1: 1404 daAuts
     D:2: 1152 daAuts
     D:4: 930 daAuts
     D:3: 783 daAuts
